 Dungeon Crawl Stone Soup version 0.26-a0-264-g3a471323bd (webtiles) character file.

Game seed: 3642988123428125551

43 BritishOli the Skirmisher (level 3, -1/29 HPs)
             Began as a Demonspawn Fighter on July 11, 2020.
             Succumbed to an adder's poison
             ... on level 2 of the Dungeon.
             The game lasted 00:00:47 (938 turns).

BritishOli the Skirmisher (Demonspawn Fighter)       Turns: 938, Time: 00:00:48

Health: -1/29      AC:  6    Str: 17    XL:     3   Next: 37%
Magic:  3/3        EV:  7    Int:  9    God:
Gold:   51         SH:  9    Dex: 12    Spells: 2/2 levels left

rFire    + . .     SeeInvis .   a - +0 long sword
rCold    x . .     Faith    .   c - +0 kite shield
rNeg     . . .     Spirit   .   b - +0 scale mail
rPois    .         Reflect  .   (no helmet)
rElec    .         Harm     .   (no cloak)
rCorr    .                      (no gloves)
MR       .....                  (no boots)
Stlth    ..........             e - amulet of the acrobat
HPRegen  0.09/turn              j - ring of fire
MPRegen  0.08/turn              (no ring)

@: lethally poisoned (-1 -> -14)
A: claws 1, rot immunity
a: no special abilities


You were on level 2 of the Dungeon.
You were not hungry.

You visited 1 branch of the dungeon, and saw 2 of its levels.

You collected 51 gold pieces.

Inventory:

Hand Weapons
 a - a +0 long sword (weapon)
Armour
 b - a +0 scale mail (worn)
 c - a +0 kite shield (worn)
Jewellery
 e - an amulet of the acrobat (around neck)
 j - a ring of fire (left claw)
Scrolls
 g - a scroll of amnesia {unknown}
 h - a scroll of remove curse {unknown}
 i - a scroll of enchant armour {unknown}
Potions
 d - a potion of might
Comestibles
 f - 4 rations


   Skills:
 + Level 3.4 Fighting
 + Level 2.3 Long Blades
 + Level 3.0 Armour
 + Level 3.1 Shields


You had 2 spell levels left.
You didn't know any spells.
Your spell library was empty.

Dungeon Overview and Level Annotations

Branches:
Dungeon (2/15)

Altars:


Innate Abilities, Weirdness & Mutations

You have sharp fingernails.
You are immune to rotting.


Message History

* * * LOW HITPOINT WARNING * * *
You feel sick. The adder bites you but does no damage.
The ball python barely misses you. The ball python constricts you.
The adder barely misses you.
You slash the adder!
You kill the adder!
* * * LOW HITPOINT WARNING * * *
You feel sick. The ball python bites you.
* * * LOW HITPOINT WARNING * * *
The ball python constricts you. The ball python bites you.
* * * LOW HITPOINT WARNING * * *
The ball python constricts you.
Okay, then.
You escape the ball python's grasp.
* * * LOW HITPOINT WARNING * * *
You feel sick. The goblin hits you but does no damage.
The ball python barely misses you.
You riposte.
You hit the ball python.
You kill the ball python!
You barely miss the goblin.
You die...

#...............
#...........$...
#....<..........
#...............
#..†...........
###..†......##
#.........#
#.........#
#....@)...#
#...g.....#
#.w.......#
#.######'## ...
.# ... .. . ...
.#


You could see a dart slug and a goblin.

Vanquished Creatures
  An adder (D:2)
  An ooze (D:1)
  A leopard gecko (D:1)
  A ball python (D:2)
  A giant cockroach (D:2)
  6 goblins (D:1)
  3 hobgoblins
  3 jackals (D:1)
  3 bats
  3 frilled lizards
  4 kobolds
  A rat (D:1)
28 creatures vanquished.

Notes
Turn   | Place    | Note
-------+----------+-------------------------------------------
     0 | D:1      | BritishOli the Demonspawn Fighter began the quest for the
                  | Orb.
     0 | D:1      | Reached XP level 1. HP: 18/18 MP: 1/1
   238 | D:1      | Gained mutation: You have sharp fingernails. [demonic
                  | ancestry]
   238 | D:1      | Reached XP level 2. HP: 24/24 MP: 2/2
   897 | D:2      | Gained mutation: You are immune to rotting. [demonic
                  | ancestry]
   897 | D:2      | Reached XP level 3. HP: 28/29 MP: 3/3
   937 | D:2      | HP: 1/29 [poisoned by an adder]
   938 | D:2      | Succumbed to an adder's poison

Illustrated notes

Levels and vault maps discovered:
D:1:      scummos_arrival_simple_fountains, layout_loops_corners
D:2:      layout_basic, grunt_dithmenos_smoke, minmay_tripent

Skill      XL: |  1  2 |
---------------+-------+-----
Long Blades    | 2 |  2.3
Shields        | 3 |  3.1
Armour         | 3 |  3.0
Fighting       | |  3.4

Action                   || total
-------------------------++-------
Melee: Long sword        ||    81
Armor: Scale mail        ||    46
Dodge: Dodged            ||    30
Block: Kite shield       ||    39
       Rpst.: Long sword ||     8

Table legend:
 A = Non-vault XP
 B = Vault XP
 C = Vault XP percentage of total XP
 D = Non-vault monster count
 E = Vault monster count
 F = Vault count percentage of total count
                 A         B        C        D         E       F
            +---------+---------+-------+---------+---------+-------
      Total |      62 |       0 |   0.0 |      28 |       0 |   0.0
            +---------+---------+-------+---------+---------+-------
        D:1 |      39 |       0 |   0.0 |      21 |       0 |   0.0
        D:2 |      23 |       0 |   0.0 |       7 |       0 |   0.0
            +---------+---------+-------+---------+---------+-------
